 Dungeon Crawl Stone Soup version 0.27-a0-364-g31b3477d74 (webtiles) character file.

Game seed: 12616684297205596914

201466 Avack the Fencer (level 17, 0/146 HPs)
             Began as a Minotaur Fighter on Feb 15, 2021.
             Was a Believer of Uskayaw.
             Slain by a 27-headed hydra zombie (3 damage)
             ... on level 4 of the Swamp on Feb 16, 2021.
             The game lasted 01:07:08 (31864 turns).

Avack the Fencer (Minotaur Fighter)                Turns: 31864, Time: 01:07:08

Health: 0/146      AC: 21    Str: 28    XL:     17   Next: 91%
Magic:  24/24      EV: 10    Int:  8    God:    Uskayaw [**....]
Gold:   1406       SH: 20    Dex: 13    Spells: 16/16 levels left

rFire    . . .     SeeInvis .   a - +7 Singing Sword {vorpal, sonic wave}
rCold    . . .     Faith    .   H - +5 kite shield of Yti Oghy {Str+3}
rNeg     + . .     Spirit   .   E - +6 scale mail of Tostrossa {rCorr Int+2}
rPois    +         Reflect  .   q - +1 hat
rElec    .         Harm     .   Y - scarf {repulsion}
rCorr    +         Rampage  .   o - +2 pair of gloves
Will     +++..     Rnd*Rage +   c - +0 pair of boots "Unuir" {rN+ Int+4}
Stlth    ..........             G - necklace of Bloodlust {*Rage +Rage Will++ Int-3 Slay+6}
HPRegen  0.34/turn              I - +4 ring of slaying
MPRegen  0.19/turn              v - ring of poison resistance

@: mighty, marked, studying 2 skills, repel missiles, very slow
A: retaliatory headbutt, horns 2
}: 1/15 runes: gossamer
a: Renounce Religion, Evoke Berserk Rage, Stomp, Line Pass


You were on level 4 of the Swamp.
You worshipped Uskayaw.
Uskayaw was aware of your devotion.
You visited 6 branches of the dungeon, and saw 29 of its levels.
You also visited: Trove.

You collected 3008 gold pieces.
You spent 1602 gold pieces at shops.

Inventory:

Hand Weapons
 a - the +7 Singing Sword (weapon) {vorpal, sonic wave}
   (You found it on level 7 of the Dungeon)

   It inflicts extra damage upon your enemies.
Missiles
 g - 2 javelins (quivered)
 n - 72 poisoned darts
 u - 6 silver boomerangs
 J - 19 curare-tipped darts
 P - 2 throwing nets {!f}
Armour
 b - a +1 cloak
 c - the +0 pair of boots "Unuir" (worn) {rN+ Int+4}
   (You found it on level 2 of the Swamp)

   It affects your intelligence (+4).
   It protects you from negative energy.
 o - a +2 pair of gloves (worn)
 q - a +1 hat (worn)
 E - the +6 scale mail of Tostrossa (worn) {rCorr Int+2}
   (You found it on level 2 of the Lair of Beasts)

   It affects your intelligence (+2).
   It provides partial protection from all sources of acid and corrosion.
 H - the +5 kite shield of Yti Oghy (worn) {Str+3}
   (You bought it in a shop on level 2 of the Orcish Mines)

   It affects your strength (+3).
 T - a +2 pair of boots
 Y - a scarf of repulsion (worn)
Jewellery
 v - a ring of poison resistance (right hand)
 y - a ring of fire
 G - the necklace of Bloodlust (around neck) {*Rage +Rage Will++ Int-3 Slay+6}
   (You found it on level 1 of the Orcish Mines)

   [amulet of nothing]

   It affects your intelligence (-3).
   It affects your accuracy and damage with ranged weapons and melee attacks
   (+6).
   It affects your willpower, your defense against some magical effects.
   It lets you go berserk.
   It may make you go berserk in combat.
 I - a +4 ring of slaying (left hand)
 K - an amulet of the acrobat
 L - a ring of willpower
 U - a +4 ring of evasion
Wands
 j - a wand of charming (17)
 z - a wand of digging (16)
 A - a wand of paralysis (10)
 B - a wand of mindburst (42)
 F - a wand of flame (15)
 M - a wand of iceblast (14)
 Q - a wand of acid (31)
Scrolls
 f - 2 scrolls of fog
 i - a scroll of fear
 k - 12 scrolls of teleportation
 r - 2 scrolls of vulnerability
 s - a scroll of summoning
 x - 3 scrolls of magic mapping
 N - 5 scrolls of immolation
 S - 3 scrolls of holy word
 X - 3 scrolls of identify
 Z - a scroll of blinking
Potions
 d - 3 potions of might
 e - 7 potions of curing
 h - 3 potions of haste
 l - 4 potions of heal wounds
 m - 3 potions of attraction
 p - 3 potions of ambrosia
 t - a potion of cancellation
 w - 4 potions of lignification
 C - 4 potions of invisibility
 D - 3 potions of flight
 O - a potion of mutation
 V - a potion of resistance
 W - 3 potions of berserk rage
Miscellaneous
 R - a tin of tremorstones (1/2)


   Skills:
 - Level 12.0 Fighting
 - Level 16.0 Long Blades
 - Level 13.2 Maces & Flails
 - Level 16.0 Throwing
 - Level 12.0 Armour
 - Level 15.0 Shields
 + Level 10.7 Invocations
 + Level 8.0 Evocations


You had 16 spell levels left.
You didn't know any spells.
Your spell library contained the following spells:

 Spells                   Type           Power        Failure   Level
 Apportation              Tloc           0%           61%         1
 Beastly Appendage        Tmut           0%           61%         1
 Corona                   Hex            0%           61%         1
 Foxfire                  Conj/Fire      0%           61%         1
 Freeze                   Ice            0%           61%         1
 Corpse Rot               Necr/Air       N/A          75%         2
 Ensorcelled Hibernation  Hex/Ice        0%           75%         2
 Wereblood                Tmut           0%           75%         2
 Confusing Touch          Hex            0%           93%         3
 Conjure Flame            Conj/Fire      0%           93%         3
 Dazzling Flash           Conj/Hex       0%           93%         3
 Frozen Ramparts          Ice            0%           93%         3
 Inner Flame              Hex/Fire       0%           93%         3
 Lesser Beckoning         Tloc           0%           93%         3
 Ozocubu's Armour         Ice            0%           93%         3
 Spider Form              Tmut/Pois      0%           93%         3
 Static Discharge         Conj/Air       0%           93%         3
 Stone Arrow              Conj/Erth      0%           93%         3
 Tukima's Dance           Hex            0%           93%         3
 Animate Armour           Summ/Erth      0%           100%        4
 Hailstorm                Conj/Ice       0%           100%        4
 Ice Form                 Ice/Tmut       0%           100%        4
 Leda's Liquefaction      Hex/Erth       0%           100%        4
 Sticky Flame             Conj/Fire      0%           100%        4
 Summon Ice Beast         Ice/Summ       0%           100%        4
 Summon Lightning Spire   Summ/Air       0%           100%        4
 Alistair's Intoxication  Tmut/Pois      0%           100%        5
 Blade Hands              Tmut           0%           100%        5
 Bolt of Magma            Conj/Fire/Erth 0%           100%        5
 Fireball                 Conj/Fire      0%           100%        5
 Irradiate                Conj/Tmut      0%           100%        5
 Lightning Bolt           Conj/Air       0%           100%        5
 Silence                  Hex/Air        0%           100%        5
 Summon Forest            Summ/Tloc      0%           100%        5
 Conjure Ball Lightning   Conj/Air       0%           100%        6
 Eringya's Noxious Bog    Tmut/Pois      0%           100%        6
 Hydra Form               Tmut           0%           100%        6
 Invisibility             Hex            0%           100%        6
 Iron Shot                Conj/Erth      0%           100%        6
 Statue Form              Tmut/Erth      0%           100%        6
 Dragon Form              Tmut           0%           100%        7
 Summon Hydra             Summ           0%           100%        7
 Borgnjor's Revivificati  Necr           0%           100%        8
 Ignition                 Fire           0%           100%        8
 Infestation              Necr           0%           100%        8
 Necromutation            Tmut/Necr      0%           100%        8
 Death's Door             Necr           0%           100%        9
 Shatter                  Erth           0%           100%        9
 Tornado                  Air            0%           100%        9


Dungeon Overview and Level Annotations

Branches:
Dungeon (12/15)            Temple (1/1) D:7            Lair (6/6) D:10
  Swamp (4/4) Lair:4       Spider (4/4) Lair:4        Slime (0/5) Lair:5
    Orc (2/2) D:12            Elf (0/3) Orc:2

Altars:
Ashenzari
Cheibriados
Dithmenos
Elyvilon
Fedhas
Gozag
Hepliaklqana
Kikubaaqudgha
Makhleb
Nemelex Xobeh
Okawaru
Qazlal
Ru
Sif Muna
Trog
Uskayaw
Vehumet
Wu Jian
Xom
Yredelemnul
Zin
The Shining One
Lugonu

Shops:
D:6 !   D:12 [   Orc:2 (=(*

Annotations:
D:3 1 runed translucent door, tilp's ghost, amateur OpTm
D:9 exclusions: iron imp, rust devil and 1 more exclusion
D:10 exclusions: obsidian statue and orange crystal statue
D:11 2 transporters
Swamp:1 exclusion: Roxanne, Roxanne
Swamp:2 1 runed translucent door, Nipues's ghost, adept DsMo


Innate Abilities, Weirdness & Mutations

You reflexively headbutt those who attack you in melee.
You have a pair of horns on your head.


Message History

You kill the spriggan druid!
You hear a splash. x2
The forest abruptly stops moving.
You can now pass through a line of other dancers.
You enter the shallow water.
Moving in this stuff is going to be slow.
The 27-headed hydra zombie bites you.
The 27-headed hydra zombie bites you! x2
You block the 27-headed hydra zombie's attack. x2
The 27-headed hydra zombie bites you but does no damage. x2
You block the 27-headed hydra zombie's attack. x2
The 27-headed hydra zombie closely misses you.
The 27-headed hydra zombie bites you but does no damage.
You block the 27-headed hydra zombie's attack.
The 27-headed hydra zombie bites you but does no damage. x2
The 27-headed hydra zombie bites you. The 27-headed hydra zombie bites you!
The 27-headed hydra zombie bites you but does no damage.
The 27-headed hydra zombie closely misses you.
The 27-headed hydra zombie bites you but does no damage.
The 27-headed hydra zombie bites you! x2
* * * LOW HITPOINT WARNING * * *
The 27-headed hydra zombie barely misses you.
The 27-headed hydra zombie bites you but does no damage.
The 27-headed hydra zombie bites you.
* * * LOW HITPOINT WARNING * * *
The 27-headed hydra zombie completely misses you.
The 27-headed hydra zombie bites you but does no damage.
The 27-headed hydra zombie bites you!
* * * LOW HITPOINT WARNING * * *
A thorn hunter comes into view.
The 27-headed hydra zombie bites you!
* * * LOW HITPOINT WARNING * * *
The 27-headed hydra zombie closely misses you.
The 27-headed hydra zombie bites you.
* * * LOW HITPOINT WARNING * * *
The 27-headed hydra zombie bites you but does no damage. x2
The 27-headed hydra zombie bites you!
* * * LOW HITPOINT WARNING * * *
The 27-headed hydra zombie bites you but does no damage.
The 27-headed hydra zombie bites you.
You die...

#≈≈≈≈♣♣♣♣.≈≈≈.≈.♣♣.≈ #..♣♣♣
♣.≈≈≈≈≈≈≈[..♣ ♣♣♣♣♣♣
♣..≈≈≈≈≈.≈≈♣♣ ♣♣....♣
♣♣♣..≈≈≈....≈
♣.≈≈≈.♣♣♣♣♣♣≈...♣...♣
♣.≈≈≈≈.♣..§≈≈≈§♣♣≈≈≈. #♣♣♣
♣≈≈≈≈≈.♣.≈≈≈≈≈♣≈.≈≈≈≈
##≈.♣♣♣♣.≈≈≈≈.♣♣............
#♣.≈...♣.≈≈≈@(..≈♣♣≈≈.♣♣≈♣♣♣♣
♣≈.....≈.).≈Z...♣≈≈≈≈.♣♣≈.♣
♣#♣...[≈...≈≈...♣♣♣♣.≈≈≈♣....♣
.#♣.....§.♣.♣≈♣♣♣♣♣
♣.≈.♣♣..≈≈≈♣ ....≈.≈♣.♣V..♣♣
♣♣≈.≈♣♣♣♣... ≈...Z.....§..♣♣
♣♣.♣♣ ≈≈≈ .....≈≈≈.f....♣♣ ♣♣♣
.≈≈ ...(...≈≈...≈≈.♣♣
.....≈(...≈♣....♣


You could see a thorn hunter, a vampire knight and a 27-headed hydra zombie
(strong).

Vanquished Creatures
  Arachne (Spider:2)
  Jorgrun (Orc:1)
  A thorn hunter (Swamp:4)
  Kirke (Lair:6)
  A fenstrider witch (Swamp:1)
  Donald (Swamp:1)
  4 ghost moths (Spider:4)
  An orc warlord (Orc:1)
  4 emperor scorpions
  A stone giant (Orc:1)
  A vampire knight (Swamp:4)
  3 bunyips
  4 entropy weavers
  4 spark wasps
  2 eleionomae
  3 shambling mangroves
  2 boulder beetles
  Harold (D:10)
  A catoblepas (Lair:6)
  13 hydras
  Erica (D:11)
  9 death yaks (Lair:6)
  A spriggan air mage (Swamp:2)
  11 alligators
  5 two-headed ogres
  4 orc high priests (Orc:2)
  Urug (Lair:4)
  Sonja (D:10)
  2 spriggan berserkers
  3 skeletal warriors
  A fire crab (Lair:4)
  A sixfirhy (D:12)
  4 goliath frogs
  5 spriggan druids
  A spectral hydra (Swamp:4)
  4 bog bodies
  7 swamp dragons
  A lindwurm (Lair:4)
  2 orc knights (Orc:1)
  A phantasmal warrior (Swamp:4)
  21 orb spiders
  2 orc sorcerers
  27 wolf spiders
  A cyclops (Orc:1)
  5 will-o-the-wisps
  2 ugly things (D:12)
  Joseph (D:9)
  13 elephants
  4 black mambas
  A gargoyle (D:12)
  14 cane toads
  Maggie (D:8)
  6 rime drakes
  A freezing wraith (Swamp:4)
  A tengu conjurer (D:12)
  22 demonic crawlers
  8 komodo dragons
  45 jumping spiders
  A silent spectre (Orc:1)
  3 death drake zombies (Swamp:4)
  A hydra zombie (Swamp:4)
  31 hornets
  5 polar bears
  34 blink frogs
  9 trolls
  7 tyrant leeches
  6 dream sheep (Lair:6)
  23 spriggans
  26 tarantellas
  A shadow (D:9)
  46 redbacks
  52 yaks
  3 wyverns
  2 fire bats (Lair:6)
  3 wraiths
  2 fire elementals (Lair:6)
  4 hogs (Lair:6)
  4 vampire mosquitoes (Swamp:2)
  14 swamp worms
  Edmund (D:5)
  Duvessa (D:5)
  5 hydra simulacra (Swamp:4)
  14 water moccasins
  13 orc warriors
  4 swamp drakes
  6 ice beasts
  3 sky beasts
  3 black bears
  3 necrophages
  An eye of draining (D:12)
  45 wolves
  4 boggarts (Lair:6)
  3 swamp dragon zombies (Swamp:4)
  8 ogres
  9 centaurs
  A swamp dragon skeleton (Swamp:4)
  A phantom (D:9)
  2 kobold brigands (D:9)
  20 bullfrogs
  2 earth elementals (Swamp:1)
  Dowan (D:5)
  2 water moccasin zombies
  A scorpion (D:10)
  7 killer bees
  5 wights (D:8)
  2 electric eels
  7 howler monkeys
  A crimson imp (D:6)
  A lava snake (Lair:6)
  3 jellies
  A wyvern simulacrum (D:10)
  A bullfrog zombie (D:11)
  4 bullfrog skeletons
  2 centaur zombies
  6 hounds
  23 orc priests
  5 iron imps (D:9)
  Natasha (thrice) (D:3)
  9 iguanas
  24 orc wizards
  9 worker ants
  A centaur simulacrum (D:10)
  Robin (D:4)
  A worker ant zombie (D:10)
  A gnoll (D:9)
  11 adders
  A hound simulacrum (D:10)
  3 shadow imps (D:5)
  4 white imps
  2 ufetubi
  An ooze (D:5)
  4 adder skeletons
  A worm (D:4)
  A dart slug (D:1)
  7 leopard geckos
  44 orcs
  3 giant cockroaches
  13 goblins
  10 hobgoblins
  11 jackals
  4 quokkas
  A ball python (D:5)
  10 bats
  9 frilled lizards
  A jackal skeleton (D:4)
  A jackal zombie (D:5)
  16 kobolds
  A leopard gecko skeleton (D:6)
  5 rats
1001 creatures vanquished.

Vanquished Creatures (others)
  A bog body (Swamp:2)
  5 bloated husks
  An earth elemental (Swamp:1)
  3 bushes (Lair:6)
  18 foxfires
  55 fungi
  78 plants
  2 withered plants (Swamp:2)
163 creatures vanquished.

Grand Total: 1164 creatures vanquished

Notes
Turn   | Place    | Note
-------+----------+-------------------------------------------
     0 | D:1      | Avack the Minotaur Fighter began the quest for the Orb.
     0 | D:1      | Reached XP level 1. HP: 19/19 MP: 0/0
   320 | D:1      | Reached XP level 2. HP: 26/26 MP: 1/1
  1087 | D:2      | Avack: ??whichstat
  1087 | D:2      | beem: whichstat ~ which stat[1/2]: For most characters
                  | early game, go in order: Casting spells that want
                  | spellpower -> Int, not enough str to wear plate and you
                  | want to wear plate -> Str, otherwise -> Dex, unless you
                  | already have or will soon have >=24 dex, then possibly
                  | reconsider. See {dodging}.
  1087 | D:2      | Reached XP level 3. HP: 24/31 MP: 2/2
  1434 | D:2      | Reached skill level 5 in Maces & Flails
  1434 | D:2      | Reached XP level 4. HP: 12/39 MP: 3/3
  2040 | D:3      | Noticed Natasha
  2043 | D:3      | Killed Natasha
  2097 | D:2      | Reached XP level 5. HP: 21/45 MP: 4/4
  2348 | D:3      | Found a runed translucent door.
  2366 | D:3      | Noticed Natasha
  2374 | D:3      | Killed Natasha
  2561 | D:3      | Noticed Natasha
  2566 | D:3      | Killed Natasha
  2947 | D:3      | Noticed tilp's ghost (amateur OpTm)
  3117 | D:4      | Reached XP level 6. HP: 51/51 MP: 5/5
  3462 | D:4      | Found a sacrificial altar of Ru.
  3550 | D:4      | Noticed Robin
  3573 | D:4      | Killed Robin
  3778 | D:4      | Reached XP level 7. HP: 57/57 MP: 6/6
  4259 | D:5      | Entered Level 5 of the Dungeon
  4346 | D:5      | Noticed Edmund
  4571 | D:5      | Killed Edmund
  4572 | D:5      | Reached skill level 10 in Maces & Flails
  4625 | D:5      | Noticed Duvessa
  4637 | D:5      | Killed Duvessa
  4643 | D:5      | Noticed Dowan
  4656 | D:5      | Killed Dowan
  4657 | D:5      | Reached XP level 8. HP: 42/64 MP: 7/7
  6195 | D:6      | Found Toovvur's Distillery.
  6200 | D:6      | Bought a potion of invisibility for 88 gold pieces
  6200 | D:6      | Bought a potion of curing for 33 gold pieces
  6200 | D:6      | Bought a potion of heal wounds for 55 gold pieces
  6200 | D:6      | Bought a potion of curing for 33 gold pieces
  6200 | D:6      | Bought a potion of heal wounds for 55 gold pieces
  6200 | D:6      | Bought a potion of heal wounds for 55 gold pieces
  6200 | D:6      | Bought a potion of flight for 33 gold pieces
  6352 | D:7      | Found a staircase to the Ecumenical Temple.
  6358 | D:7      | Found the +7 Singing Sword {vorpal, sonic wave}
  6361 | D:7      | Avack: ??singing sword
  6361 | D:7      | beem: singing sword[1/4]: A noisy unrand +7 double sword
                  | with a lot to say. At high tension it becomes the
                  | "screaming sword", making more noise and doing light damage
                  | to all monsters in LOS. In 0.23, it gets the vorpal brand
                  | and its LOS-wide sonic damage is increased. Sonic damage
                  | can now happen at any tension, but happens more frequently
                  | at high tension with extra damage at highest tension.
  6363 | Temple   | Entered the Ecumenical Temple
  6414 | Temple   | Avack: ??singing sword[2
  6414 | Temple   | beem: singing sword[2/4]: The sonic damage is
                  | 1d2*1d2*1d3+1d3+1, multiplied by 2 if the sword screams,
                  | but capped at the lesser of 16 damage or 30% of the
                  | monster's max HP (50% for screams), with a minimum of 1.
                  | Damage is then multiplied by [your XL]/27 and [aut taken by
                  | your last action]/10.
  6414 | Temple   | Avack: ??singing sword[3
  6414 | Temple   | beem: singing sword[3/4]: apparently there is a
                  | 0.000060672 chance of any one screaming sword scream being
                  | "LET'S FONDLE THE SPERM WHALES, FONDLE THEM!"
  6414 | Temple   | Avack: ??singing sword[4
  6414 | Temple   | beem: singing sword[4/4]:
                  | https://www.youtube.com/watch?v=6u8wBfDtZkE
  6421 | Temple   | Became a worshipper of Uskayaw the Reveller
  6617 | D:7      | Found a broken altar of Ashenzari.
  6634 | D:7      | Reached * piety under Uskayaw
  6635 | D:7      | Reached skill level 1 in Long Blades
  6729 | D:7      | Reached ** piety under Uskayaw
  6730 | D:7      | Reached XP level 9. HP: 61/70 MP: 8/8
  6879 | D:7      | Reached *** piety under Uskayaw
  6880 | D:7      | Reached skill level 1 in Evocations
  6881 | D:7      | Reached **** piety under Uskayaw
  7405 | D:8      | Noticed Maggie
  7415 | D:8      | Killed Maggie
  7416 | D:8      | Reached skill level 5 in Long Blades
  8088 | D:8      | Noticed a two-headed ogre
  8105 | D:8      | Killed a two-headed ogre
  8106 | D:8      | Reached skill level 5 in Evocations
  8302 | D:8      | Got a distressingly furry leather armour
  8303 | D:8      | Identified the +1 leather armour of Focus {+Blink rElec
                  | Will+ Dex-4} (You found it on level 8 of the Dungeon)
  8351 | D:8      | Noticed a two-headed ogre
  8357 | D:8      | Killed a two-headed ogre
  8358 | D:8      | Reached XP level 10. HP: 57/77 MP: 9/9
  8500 | D:8      | Reached skill level 10 in Long Blades
  9220 | D:9      | Noticed a rust devil
  9221 | D:9      | Found a burning altar of Makhleb.
  9221 | D:9      | Noticed an orange demon
  9659 | D:9      | Found a burning altar of Makhleb.
  9711 | D:9      | Noticed Joseph
  9722 | D:9      | Killed Joseph
 10316 | D:10     | Entered Level 10 of the Dungeon
 10377 | D:10     | Identified the +4 flail "Olar" {drain, rF+ rC++} (You found
                  | it on level 10 of the Dungeon)
 10553 | D:10     | Noticed Sonja
 10565 | D:10     | Reached XP level 11. HP: 38/82 MP: 10/10
 10567 | D:10     | Killed Sonja
 10764 | D:10     | Paralysed by a hornet for 2 turns
 11204 | D:10     | Noticed an obsidian statue
 11260 | D:10     | Noticed an orange crystal statue
 11361 | D:10     | Noticed Harold
 11374 | D:10     | Killed Harold
 11530 | D:10     | Found a staircase to the Lair.
 11643 | D:11     | Noticed Erica
 11655 | D:11     | Killed Erica
 11701 | D:11     | Reached skill level 15 in Long Blades
 11703 | D:11     | Reached ***** piety under Uskayaw
 11872 | D:11     | Found a transporter.
 11874 | D:11     | Noticed a death drake
 11874 | D:11     | Noticed a green ugly thing
 11875 | D:11     | Noticed a green ugly thing
 11876 | D:11     | Found a corrupted altar of Lugonu.
 11892 | D:11     | Found a portal to a secret trove of treasure.
 11997 | D:11     | Found a transporter.
 12015 | D:12     | Noticed a skeletal warrior
 12015 | D:12     | Noticed a skeletal warrior
 12610 | D:12     | Killed a skeletal warrior
 12612 | D:12     | Noticed a skeletal warrior
 12645 | D:11     | Killed a skeletal warrior
 12847 | D:12     | Reached XP level 12. HP: 93/93 MP: 11/11
 12852 | D:12     | Reached skill level 5 in Fighting
 12852 | D:12     | Reached skill level 5 in Armour
 12852 | D:12     | Reached skill level 5 in Shields
 13230 | D:12     | Found Ypis's Armour Shoppe.
 13236 | D:12     | Bought a +0 pair of boots for 67 gold pieces
 13295 | D:12     | Found a runed translucent door.
 13321 | D:12     | Found a staircase to the Orcish Mines.
 13506 | Lair:1   | Entered Level 1 of the Lair of Beasts
 13520 | Lair:1   | Reached ****** piety under Uskayaw
 13742 | Lair:1   | Reached skill level 1 in Invocations
 14549 | Lair:2   | You fall into a shaft and drop 1 floor!
 14581 | Lair:3   | Reached XP level 13. HP: 95/107 MP: 15/15
 14703 | Lair:2   | Reached skill level 5 in Invocations
 14946 | Lair:2   | Identified the +6 scale mail of Tostrossa {rCorr Int+2}
                  | (You found it on level 2 of the Lair of Beasts)
 15330 | Lair:3   | Reached skill level 10 in Shields
 16032 | Lair:4   | Noticed Urug
 16243 | Lair:4   | Killed Urug
 16395 | D:11     | You paid a toll of a +6 demon trident to enter a treasure
                  | trove
 16396 | Trove    | Entered a treasure trove
 16622 | Lair:4   | Found a hole to the Spider Nest.
 16903 | Lair:4   | Found a staircase to the Swamp.
 17210 | Lair:5   | Found a staircase to the Slime Pits.
 18472 | Lair:6   | Entered Level 6 of the Lair of Beasts
 18480 | Lair:6   | Reached XP level 14. HP: 94/119 MP: 18/18
 18511 | Lair:6   | Noticed Kirke
 18524 | Lair:6   | Killed Kirke
 18525 | Lair:6   | Reached skill level 10 in Fighting
 18542 | Lair:6   | Paralysed by a hornet for 3 turns
 18549 | Lair:5   | Reached skill level 10 in Armour
 19728 | Lair:6   | Found a hide-covered altar of Uskayaw.
 19729 | Lair:6   | Found an ornate altar of the Wu Jian Council.
 19738 | Lair:6   | Reached skill level 10 in Invocations
 19979 | Lair:6   | Found the +10 dark maul {vorpal}
 20389 | Orc:1    | Entered Level 1 of the Orcish Mines
 20393 | Orc:1    | Noticed Jorgrun
 20406 | Orc:1    | Killed Jorgrun
 20407 | Orc:1    | Reached XP level 15. HP: 111/129 MP: 21/21
 20566 | Orc:1    | Found a transporter.
 20573 | Orc:1    | Found a transporter.
 20685 | Orc:1    | Found a runed translucent door.
 20685 | Orc:1    | Found a bloodstained altar of Trog.
 20686 | Orc:1    | Found the necklace of Bloodlust {*Rage +Rage Will++ Int-3
                  | Slay+6}
 20976 | Orc:1    | Avack: ??bloodlust
 20976 | Orc:1    | beem: necklace of bloodlust[1/1]: Cursed amulet with
                  | {*Rage} (5% chance to berserk upon melee), {+Rage}
                  | (evokable rage), Will++, Int-3, +6 Slay, and *Curse. It
                  | extends berserk duration on 50% of kills. 1/3 chance of
                  | recursing when put on.
 20989 | Orc:1    | Got an ichor-stained plate armour
 21034 | Orc:1    | Identified the +4 plate armour "Ypu Cuacluuf" {Harm} (You
                  | found it on level 1 of the Orcish Mines)
 21412 | Orc:1    | Noticed an orc warlord
 21431 | Orc:1    | Killed an orc warlord
 21643 | Orc:2    | Entered Level 2 of the Orcish Mines
 21643 | Orc:2    | Found a staircase to the Elven Halls.
 21839 | Orc:2    | Found Uwadaron's Antique Weapon Shop.
 21839 | Orc:2    | Found Goizoox's Assorted Antiques.
 21845 | Orc:2    | Found Xiduant's Antique Weapon Boutique.
 21845 | Orc:2    | Found Yxister's Jewellery Boutique.
 22003 | Orc:2    | Bought a brightly glowing kite shield for 247 gold pieces
 22014 | Orc:2    | Bought a +4 ring of slaying for 936 gold pieces
 22026 | Orc:2    | Identified the +5 kite shield of Yti Oghy {Str+3} (You
                  | bought it in a shop on level 2 of the Orcish Mines)
 22341 | Orc:1    | Upgraded the game from 0.27-a0-346-ga689d4a613 to
                  | 0.27-a0-364-g31b3477d74
 22518 | Swamp:1  | Entered Level 1 of the Swamp
 22554 | Swamp:1  | Noticed Donald
 22568 | Swamp:1  | Killed Donald
 22786 | Swamp:1  | Reached skill level 15 in Shields
 22790 | Swamp:1  | Noticed a fenstrider witch
 22795 | Swamp:1  | Killed a fenstrider witch
 22796 | Swamp:1  | Identified Roxanne's Papyrus of Moulding
 22796 | Swamp:1  | Noticed Roxanne
 23775 | Swamp:2  | Reached skill level 5 in Throwing
 23990 | Swamp:1  | Avack: ??will-o-the-wisp
 23990 | Swamp:1  | beem: will-o-the-wisp[1/2]: An {insubstantial} wisp monster
                  | found in {Swamp} that casts {marshlight}, which conjures
                  | two 3d14 damage {foxifire}s, and {blink}.
 23990 | Swamp:1  | Avack: ??will-o-the-wisp[2
 23990 | Swamp:1  | beem: will-o-the-wisp[2/2]: Prior to 0.26, {insubstantial
                  | wisp} existed in their place.
 24541 | Swamp:2  | Found a runed translucent door.
 24541 | Swamp:2  | Noticed Nipues's ghost (adept DsMo)
 24828 | Swamp:2  | Got a pair of fine boots
 24839 | Swamp:2  | Identified the +0 pair of boots "Unuir" {rN+ Int+4} (You
                  | found it on level 2 of the Swamp)
 25018 | Swamp:3  | Reached XP level 16. HP: 139/139 MP: 22/22
 25966 | Spider:1 | Entered Level 1 of the Spider Nest
 25982 | Spider:1 | Reached skill level 10 in Throwing
 26998 | Spider:2 | Noticed Arachne
 27011 | Spider:2 | Killed Arachne
 28367 | Spider:3 | Identified a scroll of acquirement
 28369 | Spider:3 | Acquired a manual of Shields
 28678 | Spider:4 | Entered Level 4 of the Spider Nest
 28761 | Spider:4 | Reached XP level 17. HP: 138/146 MP: 23/23
 28931 | Spider:4 | Reached skill level 15 in Throwing
 30162 | Spider:4 | Got a gossamer rune of Zot
 30412 | Swamp:4  | Entered Level 4 of the Swamp
 31864 | Swamp:4  | HP: 3/146 [27-headed hydra zombie (13)]
 31864 | Swamp:4  | Slain by a 27-headed hydra zombie

Illustrated notes

Levels and vault maps discovered:
D:1:      dpeg_arrival_simpleton_a, layout_basic, minmay_misc_feat_secret_circle
D:2:      layout_rooms
D:3:      layout_basic, ebering_ghost_reflecting_pool,
          minmay_misc_feat_nine_boxes, uniq_natasha
D:4:      minmay_spotlight, layout_basic, nicolae_ru_awakened_eye, uniq_robin
D:5:      layout_basic, uniq_duvessa, uniq_edmund
D:6:      layout_basic, serial_shops, shop_statue, minmay_fire_ice_demons
D:7:      layout_loops_ring, minmay_temple_entry_offerings,
          evilmike_ruin_ashenzari
D:8:      layout_layer_cave, uniq_maggie
D:9:      kennysheep_windowed_halls, layout_irregular_city, marbit_many_paths,
          serial_bayou_pond_a, lemuel_hellish_altar, uniq_joseph
D:10:     minmay_separated_statues, layout_basic, lair_entry_dummy, serial_ice,
          serial_ice_j, serial_ice_o, serial_ice_a, serial_ice_m, uniq_harold,
          uniq_sonja
D:11:     gammafunk_corrupted_shrine, layout_gridville, enter_trove_0,
          uniq_erica
D:12:     cheibrodos_shockbox, layout_loops_ring, orc_0_dummy, serial_shops,
          nicolae_shop_waterfront
Temple:   kilobyte_greek_temple
Lair:1:   layout_cave_pods
Lair:2:   layout_roguey
Lair:3:   beast_lair_carwin_large_3, layout_hall_layers
Lair:4:   layout_regular_city, nicolae_swamp_entry_splash_gauntlet,
          nicolae_spider_entry_orb_guardian, beast_lair_carwin_9, uniq_urug,
          uniq_rupert
Lair:5:   layout_cave_pods, slime_dummy, minivault_25, grunt_megastairs_1
Lair:6:   minmay_lair_end_enchanted_forest, layout_gridlike,
          chequers_serial_rivers_micro_e, wad_woods_road_03,
          nzn_masters_of_martial_movement, uniq_kirke
Swamp:1:  layout_falls_marsh, evilmike_swamp_ruin_rubble_2, swamp_pool4,
          nzn_swamp_blast_mining, uniq_roxanne, uniq_donald
Swamp:2:  layout_falls_marsh, gammafunk_ghost_grave,
          evilmike_swamp_ruin_rubble_1, swamp_pool4, lightli_tree_ring
Swamp:3:  layout_basic_swamp, nicolae_swamp_dense_foliage, swamp_pool1
Swamp:4:  byrel_swamp_growth_death_and_undeath, layout_basic_swamp
Spider:1: layout_spider_delve, spiders_nest_hornet_nest,
          hangedman_spider_tarantella_strand
Spider:2: cheibrodos_spider_silkery, nicolae_crawler_farm, uniq_arachne
Spider:3: layout_spider_delve
Spider:4: spider_rune_water
Orc:1:    emtedronai_trogs_sanctum, layout_caves, uniq_jorgrun
Orc:2:    st_orc_mages, layout_caves

Skill      XL: |  1  2  3  4  5  6  7  8  9 10 11 12 13 14 15 16 17 |
---------------+----------------------------------------------------+-----
Maces & Flails | 3 4 5 6 7 9 11 13 | 13.2
Long Blades    | 3 8 13 16 | 16.0
Evocations     | 5 8 |  8.0
Fighting       | 4 8 9 11 12 | 12.0
Armour         | 4 8 9 11 12 | 12.0
Shields        | 4 8 11 13 15 | 15.0
Invocations    | 4 7 10 | 10.7
Throwing       | 8 14 16 | 16.0

Action                   |  1- 3 |  4- 6 |  7- 9 | 10-12 | 13-15 | 16-18 || total
-------------------------+-------+-------+-------+-------+-------+-------++-------
Melee: Flail             |    86 |    43 |       |       |       |       ||   129
       Headbutt          |    11 |    23 |    34 |    50 |   125 |   136 ||   379
       Morningstar       |       |    96 |   138 |       |       |       ||   234
       Double sword      |       |       |    56 |   336 |   609 |   467 ||  1468
Throw: Dart              |       |    11 |    16 |    12 |    19 |     1 ||    59
       Javelin           |       |       |       |     8 |    14 |    59 ||    81
Invok: Line Pass         |       |       |     1 |     1 |       |     1 ||     3
       Stomp             |       |       |     1 |     1 |       |       ||     2
       Grand Finale      |       |       |       |       |     2 |     2 ||     4
Evoke: Wand              |       |       |       |       |     1 |     3 ||     4
       Tin of tremorston |       |       |       |       |     1 |     1 ||     2
  Use: Potion            |     1 |       |     2 |       |     3 |     2 ||     8
       Scroll            |       |    10 |     4 |    13 |    15 |     7 ||    49
 Stab: Paralysed         |       |       |     3 |    15 |    40 |    45 ||   103
Armor: Scale mail        |    42 |    53 |    55 |       |   155 |   283 ||   588
       Plate armour      |       |       |    18 |   111 |     5 |       ||   134
Dodge: Dodged            |    23 |    40 |    66 |    82 |   207 |   136 ||   554
       Repelled          |       |       |       |       |       |     3 ||     3
Block: Kite shield       |    48 |    70 |    78 |   128 |   336 |   456 ||  1116
       Rpst.: Double sword |       |       |     3 |    22 |    49 |    13 ||    87

Table legend: (Time is in decaauts)
 A = Elapsed time spent in this place.
 B = Non-inter-level travel time spent in this place.
 C = Inter-level travel time spent in this place.
 D = Time resting spent in this place.
 E = Time spent auto-exploring this place.
 F = Levels seen in this place.
 G = Mean time per level.
                   A        B        C        D        E       F      G
               +--------+--------+--------+--------+--------+-----+--------+
         Total |  32279 |  30143 |   2136 |   4791 |  20336 |  30 | 1076.0 |
       Dungeon |  13842 |  12884 |    958 |    955 |   9850 |  12 | 1153.5 |
        Temple |     90 |     59 |     31 |      0 |     39 |   1 |   90.0 |
          Lair |   6794 |   6183 |    611 |    425 |   4809 |   6 | 1132.3 |
         Swamp |   5190 |   4956 |    234 |   1724 |   2387 |   4 | 1297.5 |
   Spider Nest |   4332 |   4110 |    222 |   1058 |   2365 |   4 | 1083.0 |
  Orcish Mines |   1970 |   1892 |     78 |    628 |    883 |   2 |  985.0 |
         Trove |     58 |     58 |      0 |      0 |      0 |   1 |   58.0 |
               +--------+--------+--------+--------+--------+-----+--------+

Top non-repeatable levels by time:
 Swamp:1: 1858 daAuts
  Lair:5: 1591 daAuts
Spider:4: 1574 daAuts
     D:8: 1491 daAuts
    D:10: 1441 daAuts
  Lair:6: 1401 daAuts
     D:4: 1375 daAuts
     D:9: 1339 daAuts
     D:1: 1338 daAuts
    D:12: 1293 daAuts
   Orc:1: 1261 daAuts
Spider:1: 1214 daAuts
 Swamp:4: 1203 daAuts
  Lair:4: 1201 daAuts
     D:6: 1199 daAuts
